 Dungeon Crawl Stone Soup version 0.32-a0-834-geaf45d8e21 (webtiles) character file.

Game seed: 6252928304798757446

16 holysushi the Cutter (level 2, 0/24 HPs)
             Began as a Demonspawn Monk on Mar 25, 2024.
             Killed by nerve-wracking pain
             ... invoked by Jessica
              (12 damage)
             ... on level 2 of the Dungeon.
             The game lasted 00:00:58 (1037 turns).

holysushi the Cutter (Demonspawn Monk)              Turns: 1037, Time: 00:00:58

Health: 0/24       AC:  3    Str: 11    XL:     2   Next: 41%
Magic:  2/2        EV: 11    Int: 10    God:
Gold:   68         SH:  0    Dex: 15    Spells: 1/1 levels left

rFire   . . .        a - +0 short sword
rCold   . . .        d - orb {light}
rNeg    . . .        b - +0 robe
rPois   .            (no helmet)
rElec   .            (no cloak)
rCorr   .            (no gloves)
SInv    .            g - +0 pair of boots
Will    .....        (no amulet)
Stlth   +            (no ring)
HPRegen 0.24/turn    (no ring)
MPRegen 0.08/turn

%: no passive effects
@: glowing
A: weakness stinger 1
a: no special abilities


You were on level 2 of the Dungeon.
You visited 1 branch of the dungeon, and saw 2 of its levels.

You collected 68 gold pieces.

Inventory:

Hand Weapons
 a - a +0 short sword (weapon)
Armour
 b - a +0 robe (worn)
 d - an orb of light (worn)
 g - a +0 pair of boots (worn)
Scrolls
 e - a scroll of immolation {unknown}
 h - 2 scrolls of teleportation {unknown}
 i - a scroll of enchant weapon {unknown}
 j - a scroll of identify {unknown}
Potions
 f - a potion of mutation {unknown}


   Skills:
 - Level 3.0 Fighting
 + Level 3.5 Short Blades
 - Level 2.6 Dodging


You had one spell level left.
You didn't know any spells.
Your spell library contained the following spells:

 Spells                   Type           Power      Damage    Failure   Level
 Apportation              Tloc           0%         N/A       36%         1
 Necrotise                Necr           0%         1d4       36%         1
 Sting                    Conj/Alch      0%         1d3       36%         1
 Summon Small Mammal      Summ           0%         N/A       36%         1


Dungeon Overview and Level Annotations

Branches:
Dungeon (2/15) Zot: 10957

Altars:

Annotations:
D:2 Jessica


Innate Abilities, Weirdness & Mutations

You have a small tail.


Message History

You hit the kobold.
You kill the kobold!
There is a stone staircase leading up here.
You climb upwards.
There is a stone staircase leading down here.
You start resting.
HP restored.
You climb downwards.
Level annotation: Jessica
There is a stone staircase leading up here.
Jessica hits you but does no damage.
You barely miss Jessica. Jessica hits you with a +0 dagger!
Jessica closely misses you.
You hit Jessica but do no damage. Jessica hits you with a +0 dagger.
You hit Jessica.
Jessica is moderately wounded.
Jessica casts a spell at you. Pain shoots through your body!
* * * LOW HITPOINT WARNING * * *
You hit Jessica.
Jessica is heavily wounded.
Jessica completely misses you.
You are confused.
You feel invigorated. Jessica hits you with a +0 dagger. x2
You bump into the rock wall.
Jessica misses you.
You completely miss Jessica.
Jessica is heavily wounded.
Jessica hits you with a +0 dagger. x2
You bump into the rock wall.
You feel less invigorated.
You feel less confused. Jessica hits you with a +0 dagger.
You hit Jessica but do no damage.
Jessica is heavily wounded.
Jessica hits you with a +0 dagger.
You hit Jessica.
Jessica is severely wounded.
Jessica gestures at you while chanting. Pain shoots through your body!
Ouch! That really hurt!
You die...

## .. ##. ...###
####.#...#
.....#.#.#### .#
.......@.#..####
..@.###.#.#@...<#..
#K.......#<.(..#.#
#.#######.#.#
.##.#..K@.......#
...(.......>##.#.#
..##.#..#.#......#
...###..#.#....#
### #..#.#....#
#...†#.##.#


You could see Jessica (fast).

Vanquished Creatures
  A dart slug (D:1)
  3 bats (D:1)
  An endoplasm (D:1)
  3 goblins (D:1)
  2 kobolds
  4 frilled lizards
  A rat (D:1)
15 creatures vanquished.

Notes
Turn   | Place    | Note
-------+----------+-------------------------------------------
     0 | D:1      | holysushi the Demonspawn Monk began the quest for the Orb.
     0 | D:1      | Reached XP level 1. HP: 18/18 MP: 1/1
   408 | D:1      | Gained mutation: You have a small tail. [demonic ancestry]
   408 | D:1      | Reached XP level 2. HP: 24/24 MP: 2/2
   988 | D:2      | Noticed Jessica
  1037 | D:2      | Killed from afar by Jessica

Illustrated notes

Levels and vault maps discovered:
D:1:      kilobyte_arrival_exit_the_forest, layout_loops_ring
D:2:      layout_basic, kennysheep_generic_room_8, uniq_natasha, uniq_sigmund,
          uniq_jessica

Skill      XL: |  1 |
---------------+----+-----
Short Blades   | 3 |  3.5
Fighting       | |  3.0
Dodging        | |  2.6

Action                     || total
---------------------------++-------
  Melee: Short sword       ||    44
         Tailslap          ||     1
    Use: Potion            ||     1
 Armour: Robe              ||    26
  Dodge: Dodged            ||    27

Table legend: (Time is in decaauts)
 A = Elapsed time spent in this place.
 B = Non-inter-level travel time spent in this place.
 C = Inter-level travel time spent in this place.
 D = Time resting spent in this place.
 E = Time spent auto-exploring this place.
 F = Levels seen in this place.
 G = Mean time per level.
                   A        B        C        D        E       F      G
               +--------+--------+--------+--------+--------+-----+--------+
         Total |   1041 |    940 |    101 |      6 |    770 |   2 |  520.5 |
       Dungeon |   1041 |    940 |    101 |      6 |    770 |   2 |  520.5 |
               +--------+--------+--------+--------+--------+-----+--------+

Top non-repeatable levels by time:
     D:1: 971 daAuts
     D:2: 69 daAuts
